 Dungeon Crawl Stone Soup version 0.23.0-3-gf3c87f2df8 (webtiles) character file.

Game seed: 12714585325562709627

328 Forgol the Cudgeler (level 6, 0/48 HPs)
             Began as a Demonspawn Berserker on Feb 24, 2019.
             Was a Believer of Trog.
             Slain by Grinder (10 damage)
             ... while paralysed by Grinder
             ... on level 3 of the Dungeon.
             The game lasted 00:07:12 (3710 turns).

Forgol the Cudgeler (Demonspawn Berserker)          Turns: 3710, Time: 00:07:13

Health: 0/48       AC:  3    Str: 19    XL:     6   Next: 25%
Magic:  6/6        EV:  2    Int:  9    God:    Trog [**....]
Gold:   202        SH:  0    Dex: 12    Spells: 5/5 levels left

rFire    . . .     SeeInvis .   g - +2 whip (vamp)
rCold    . . .     Gourm    +   j - +2 large shield
rNeg     . . .     Faith    .   p - +0 leather armour
rPois    .         Spirit   .   (helmet restricted)
rElec    .         Reflect  .   (no cloak)
rCorr    .         Harm     .   (no gloves)
MR       .....                  (no boots)
Stlth    ++........             c - amulet of the gourmand
HPRegen  0.16/turn              (no ring)
MPRegen  0.10/turn              (no ring)

@: paralysed, berserk cooldown, slowed
A: antennae 1, claws 1, nightstalker 1, spiny 1
a: Berserk, Trog's Hand, Renounce Religion


You were on level 3 of the Dungeon.
You worshipped Trog.
Trog was pleased with you.
You were very full.

You visited 1 branch of the dungeon, and saw 3 of its levels.
You also visited: Sewer.

You collected 202 gold pieces.

Inventory:

Hand Weapons
 a - a +0 mace
 g - a +2 vampiric whip (weapon)
Armour
 b - a +0 animal skin
 j - a +2 large shield (worn)
 p - a +0 leather armour (worn)
Jewellery
 c - an amulet of the gourmand (around neck)
 m - an uncursed ring of ice
 q - an uncursed ring of fire
 r - a cursed amulet of inaccuracy
Wands
 u - a wand of polymorph (4)
Scrolls
 d - 2 scrolls of remove curse
 f - 5 scrolls of identify
 i - 3 scrolls of teleportation
 s - a scroll of enchant armour
Potions
 e - a potion of might {unknown}
 h - a potion of brilliance {unknown}
 k - 2 potions of degeneration {unknown}
 l - a potion of curing {unknown}
 o - 4 potions of berserk rage {unknown}
Comestibles
 n - 2 rations
 t - a chunk of flesh


   Skills:
 + Level 3.9 Fighting
 * Level 4.3 Maces & Flails
 + Level 2.9 Armour
 + Level 2.9 Dodging
 + Level 2.0 Shields


You had 5 spell levels left.
You didn't know any spells.
Your spell library was empty.

Dungeon Overview and Level Annotations

Branches:
Dungeon (3/15)

Altars:
Ashenzari
Cheibriados
Dithmenos
Elyvilon
Okawaru
Sif Muna
Vehumet
Yredelemnul
The Shining One

Annotations:
D:3 Grinder


Innate Abilities, Weirdness & Mutations

You have a pair of small antennae on your head.
You have sharp fingernails.
You are slightly more attuned to the shadows.
You are partially covered in sharp spines.


Message History

Grinder hits you but does no damage.
You hit Grinder.
Grinder is lightly wounded.
Grinder completely misses you. You block Grinder's attack.
You hit Grinder.
Grinder is lightly wounded.
Grinder barely misses you. You block Grinder's attack.
You hit Grinder.
Grinder is lightly wounded.
You block Grinder's attack. Grinder gestures at you.
You suddenly lose the ability to move!
Grinder hits you!
You writhe in agony.
Grinder hits you.
You writhe in agony.
Grinder is struck by your spines. Grinder hits you.
You writhe in agony.
Grinder gestures at you. Pain shoots through your body!
* * * LOW HITPOINT WARNING * * *
Grinder hits you!
You die...

##.## #.###...#.# #.#
#.##......########
#####.###
#.###............#
#......(# #.#
##.##.######.#
#.###.#.# #.# #.##.#
#.# ........#
#.####.##.######.####
#..#.#..# #..
......##........#
..##....#
#####.5.####.###.##.#
.###.#.## ##.@...##
#.##.## ##.#.#..##
##.......# ##.....#
#.⌠'.#...####.........#
........#
...#...(....))........'
.........
..##÷#÷..####.......).#
##...##.# .##.##..##
##.......## ##.##..#
##.......# ##.....##
#...... #).#.#.#.#
##...## ### ####.##
..##...#.# #.... ..#
#.#


You could see Grinder.

Vanquished Creatures
  Sigmund (D:3)
  A crocodile (Sewer)
  4 adders
  A worm (D:2)
  2 dart slugs (D:3)
  2 leopard geckos
  5 orcs (D:3)
  8 bats
  4 goblins (D:2)
  5 hobgoblins
  6 kobolds
  2 quokkas
  A ball python (D:2)
  4 frilled lizards
  6 rats
52 creatures vanquished.

Notes
Turn   | Place    | Note
-------+----------+-------------------------------------------
     0 | D:1      | Forgol the Demonspawn Berserker began the quest for the
                  | Orb.
     0 | D:1      | Reached XP level 1. HP: 18/18 MP: 1/1
   805 | D:2      | Found a shattered altar of Ashenzari.
   811 | D:2      | Gained mutation: You have a pair of small antennae on your
                  | head. [demonic ancestry]
   811 | D:2      | Reached XP level 2. HP: 18/24 MP: 2/2
   988 | D:2      | Reached skill level 3 in Maces & Flails
  1296 | D:2      | Found an iron altar of Okawaru.
  1756 | D:2      | Reached XP level 3. HP: 24/29 MP: 3/3
  2170 | D:2      | Found a deep blue altar of Sif Muna.
  2676 | D:3      | Found a shadowy altar of Dithmenos.
  2715 | D:3      | Found a snail-covered altar of Cheibriados.
  2715 | D:3      | Found a glowing golden altar of the Shining One.
  2717 | D:3      | Found a radiant altar of Vehumet.
  2753 | D:3      | Found a glowing drain.
  2758 | Sewer    | Entered a sewer
  2823 | Sewer    | Noticed a crocodile
  2830 | Sewer    | Killed a crocodile
  2830 | Sewer    | Reached skill level 1 in Shields
  2830 | Sewer    | Gained mutation: You have sharp fingernails. [demonic
                  | ancestry]
  2830 | Sewer    | Reached XP level 4. HP: 20/35 MP: 4/4
  3012 | D:3      | Found a basalt altar of Yredelemnul.
  3036 | D:3      | Gained mutation: You are slightly more attuned to the
                  | shadows. [demonic ancestry]
  3036 | D:3      | Reached XP level 5. HP: 37/41 MP: 5/5
  3193 | D:3      | Found a white marble altar of Elyvilon.
  3403 | D:3      | Reached ** piety under Trog
  3501 | D:3      | Noticed Sigmund
  3523 | D:3      | Killed Sigmund
  3523 | D:3      | Reached skill level 4 in Maces & Flails
  3523 | D:3      | Gained mutation: You are partially covered in sharp spines.
                  | [demonic ancestry]
  3523 | D:3      | Reached XP level 6. HP: 48/48 MP: 6/6
  3683 | D:3      | Noticed Grinder
  3705 | D:3      | Paralysed by Grinder for 6 turns
  3710 | D:3      | Slain by Grinder

Skill      XL: |  1  2  3  4  5 |
---------------+----------------+-----
Maces & Flails | 3 4 |  4.3
Armour         | 2 |  2.9
Dodging        | 2 |  2.9
Shields        | 1 2 |  2.0
Fighting       | |  3.9

Action                   |  1- 3 |  4- 6 || total
-------------------------+-------+-------++-------
Melee: Mace              |   142 |    19 ||   161
       Whip              |       |    73 ||    73
Invok: Berserk           |     4 |     2 ||     6
  Use: Scroll            |     8 |     1 ||     9
 Stab: Sleeping          |     2 |     1 ||     3
  Eat: Chunk             |    10 |    16 ||    26
       Ration            |     1 |       ||     1
Armor: Animal skin       |    24 |       ||    24
       Leather armour    |    36 |     6 ||    42
Dodge: Dodged            |    86 |    15 ||   101
Block: Large shield      |   111 |    50 ||   161
